PAA
ATHLETIC CLUB KC ACADEMY @ MERCER ISLAND SCREAMING EAGLES
09/13/2023
 
TOP OF THE 1ST
Athletic Club KC Academy batting - Pitching for Mercer Island Screaming Eagles : RHP Shao-qi Phan
Pitching: RHP Shao-qi Phan
Batting: SHB António Montés 0-0: Ball
1-0: Swinging Strike
1-1: Called Strike
1-2: Fly out, F9 (Line Drive, 9LS)
Batting: LHB Manuel Domínguez 0-0: Fly out, F7 (Flyball, 7LD)
Batting: SHB Fernando Luna 0-0: Ball
1-0: Called Strike
1-1: Swinging Strike
1-2: Ball
2-2: Ground out 4-3 (Groundball, 4MS)
Top of the 1st over - 0 run(s), 0 hit(s), 0 error(s), 0 left on base; Athletic Club KC Academy 0 - Mercer Island 0
BOTTOM OF THE 1ST
Mercer Island Screaming Eagles batting - Pitching for Athletic Club KC Academy : LHP Fernando Durán
Pitching: LHP Fernando Durán
Batting: RHB Seon-keun Kim 0-0: Ball
1-0: Fly out, F8 (Flyball, 8RM)
Batting: RHB Shawn McCormack 0-0: Ball
1-0: Ball
2-0: Ball
3-0: Base on Balls
Batting: RHB Jason Ruffin 0-0: Ball
Shawn McCormack is caught stealing 2nd base
1-0: Called Strike
1-1: Fly out, F9 (Popup, 89S)
Bottom of the 1st over - 0 run(s), 0 hit(s), 0 error(s), 0 left on base; Athletic Club KC Academy 0 - Mercer Island 0
TOP OF THE 2ND
Athletic Club KC Academy batting - Pitching for Mercer Island Screaming Eagles : RHP Shao-qi Phan
Batting: LHB Naohiro Sakai 0-0: SINGLE (Line Drive, 89M)
Batting: RHB Allen Williams 0-0: Ball
1-0: Ball
Naohiro Sakai steals 2nd base
2-0: Ball
3-0: Called Strike
3-1: Base on Balls
Batting: RHB Chris Teague 0-0: Foul Ball, location: 2F
0-1: Fly out, F8 (Flyball, 8LS)
Batting: RHB Manuel Canó 0-0: Ball
1-0: Foul Ball, location: 2F
1-1: Foul Ball, location: 2F
1-2: SINGLE (Flyball, 89S)
Naohiro Sakai to third
Allen Williams to second
Runner from 3rd tries for Home, SAFE, throw made home
Allen Williams to third
Manuel Canó to second
Batting: RHB Larry Johnston 0-0: Ball
Wild Pitch!
Allen Williams scores
Manuel Canó to third
1-0: Called Strike
1-1: Foul Ball, location: 2F
1-2: Ball
2-2: Ball
3-2: Strikes out looking
Batting: RHB Bob Curry 0-0: Called Strike
0-1: Ball
1-1: Swinging Strike
1-2: Ball
2-2: Ball
3-2: Foul Ball, location: 2F
3-2: Foul Ball, location: 2F
3-2: Foul Ball, location: 2F
3-2: Fly out, F7 (Flyball, 78M)
Top of the 2nd over - 2 run(s), 2 hit(s), 0 error(s), 1 left on base; Athletic Club KC Academy 2 - Mercer Island 0
BOTTOM OF THE 2ND
Mercer Island Screaming Eagles batting - Pitching for Athletic Club KC Academy : LHP Fernando Durán
Batting: RHB Leonardo Ramírez 0-0: Ground out 3-1 (Groundball, 34)
Batting: RHB P.J. O'Keefe 0-0: Fly out, F6 (Line Drive, 6D)
Batting: SHB León Estrada 0-0: Called Strike
0-1: Foul Ball, location: 2F
0-2: Ball
1-2: Strikes out swinging
Bottom of the 2nd over - 0 run(s), 0 hit(s), 0 error(s), 0 left on base; Athletic Club KC Academy 2 - Mercer Island 0
TOP OF THE 3RD
Athletic Club KC Academy batting - Pitching for Mercer Island Screaming Eagles : RHP Shao-qi Phan
Batting: SHB António Montés 0-0: Called Strike
0-1: Ground out U3 (Groundball, 3)
Batting: LHB Manuel Domínguez 0-0: Swinging Strike
0-1: Fly out, F9 (Line Drive, 89M)
Batting: SHB Fernando Luna 0-0: Fly out, F8 (Flyball, 8LM)
Top of the 3rd over - 0 run(s), 0 hit(s), 0 error(s), 0 left on base; Athletic Club KC Academy 2 - Mercer Island 0
BOTTOM OF THE 3RD
Mercer Island Screaming Eagles batting - Pitching for Athletic Club KC Academy : LHP Fernando Durán
Batting: RHB Luis Antonio Hernández 0-0: Foul Ball, location: 2F
0-1: Foul Ball, location: 2F
0-2: Ball
1-2: Ground out 6-3 (Groundball, 6)
Batting: RHB Mike Kelly 0-0: Foul Ball, location: 2F
0-1: Ball
1-1: Ball
2-1: Ball
3-1: Base on Balls
Batting: RHB Dong-po Tien 0-0: Ball
1-0: Ball
2-0: Ball
3-0: Base on Balls
Mike Kelly to second
Batting: RHB Seon-keun Kim 0-0: Ball
1-0: Grounds into double play, 6-4-3 (Groundball, 6)
Bottom of the 3rd over - 0 run(s), 0 hit(s), 0 error(s), 1 left on base; Athletic Club KC Academy 2 - Mercer Island 0
TOP OF THE 4TH
Athletic Club KC Academy batting - Pitching for Mercer Island Screaming Eagles : RHP Shao-qi Phan
Batting: LHB Naohiro Sakai 0-0: Ball
1-0: Ball
2-0: Ground out 4-3 (Groundball, 34)
Batting: RHB Allen Williams 0-0: Ball
1-0: Ball
2-0: Ball
3-0: Base on Balls
Batting: RHB Chris Teague 0-0: Called Strike
0-1: SINGLE (Line Drive, 56)
Allen Williams to second
Batting: RHB Manuel Canó 0-0: Foul Ball, location: 2F
0-1: Foul Ball, location: 2F
0-2: Foul Ball, location: 2F
0-2: Ball
1-2: Grounds into double play, 6-4-3 (Groundball, 6)
Top of the 4th over - 0 run(s), 1 hit(s), 0 error(s), 1 left on base; Athletic Club KC Academy 2 - Mercer Island 0
BOTTOM OF THE 4TH
Mercer Island Screaming Eagles batting - Pitching for Athletic Club KC Academy : LHP Fernando Durán
Batting: RHB Shawn McCormack 0-0: Ball
1-0: Foul Ball, location: 2F
1-1: Foul Ball, location: 2F
1-2: Foul Ball, location: 2F
1-2: Ground out 4-3 (Groundball, 4M)
Batting: RHB Jason Ruffin 0-0: Foul Ball, location: 2F
0-1: Ground out 5-3 (Groundball, 6)
Batting: RHB Leonardo Ramírez 0-0: Swinging Strike
0-1: Ball
1-1: Foul Ball, location: 2F
1-2: Ball
2-2: Strikes out swinging
Bottom of the 4th over - 0 run(s), 0 hit(s), 0 error(s), 0 left on base; Athletic Club KC Academy 2 - Mercer Island 0
TOP OF THE 5TH
Athletic Club KC Academy batting - Pitching for Mercer Island Screaming Eagles : RHP Shao-qi Phan
Batting: RHB Larry Johnston 0-0: Fly out, F7 (Line Drive, 78M)
Batting: RHB Bob Curry 0-0: Called Strike
0-1: Ball
1-1: Ball
2-1: Called Strike
2-2: SINGLE (Line Drive, 4MD)
Batting: SHB António Montés 0-0: Ball
1-0: Ball
2-0: Called Strike
2-1: Called Strike
2-2: Strikes out swinging
Batting: LHB Manuel Domínguez 0-0: Swinging Strike
0-1: Called Strike
0-2: Foul Ball, location: 2F
0-2: Ball
Bob Curry is caught stealing 2nd base
Top of the 5th over - 0 run(s), 1 hit(s), 0 error(s), 0 left on base; Athletic Club KC Academy 2 - Mercer Island 0
BOTTOM OF THE 5TH
Mercer Island Screaming Eagles batting - Pitching for Athletic Club KC Academy : LHP Fernando Durán
Batting: RHB P.J. O'Keefe 0-0: Ball
1-0: Ball
2-0: Called Strike
2-1: SINGLE (Line Drive, 6M)
Batting: SHB León Estrada 0-0: Sac Bunt - play at first, batter OUT! 1-3
P.J. O'Keefe to second
Batting: RHB Luis Antonio Hernández 0-0: Called Strike
0-1: Ball
1-1: Ground out 4-3 (Groundball, 4)
P.J. O'Keefe to third
Batting: RHB Mike Kelly 0-0: Called Strike
0-1: Ball
1-1: Ball
Wild Pitch!
P.J. O'Keefe scores
2-1: Fly out, F4 (Popup, 4M)
Bottom of the 5th over - 1 run(s), 1 hit(s), 0 error(s), 0 left on base; Athletic Club KC Academy 2 - Mercer Island 1
TOP OF THE 6TH
Athletic Club KC Academy batting - Pitching for Mercer Island Screaming Eagles : RHP Shao-qi Phan
Batting: LHB Manuel Domínguez 0-0: Ball
1-0: Ball
2-0: Fly out, F7 (Flyball, 7LMF)
Batting: SHB Fernando Luna 0-0: Ball
1-0: Ground out 4-3 (Groundball, 34)
Batting: LHB Naohiro Sakai 0-0: Called Strike
0-1: Ball
1-1: Ball
2-1: Ball
3-1: Base on Balls
Batting: RHB Allen Williams 0-0: Ground out 1-3 (Groundball, 3S)
Top of the 6th over - 0 run(s), 0 hit(s), 0 error(s), 1 left on base; Athletic Club KC Academy 2 - Mercer Island 1
BOTTOM OF THE 6TH
Mercer Island Screaming Eagles batting - Pitching for Athletic Club KC Academy : LHP Fernando Durán
Batting: RHB Dong-po Tien 0-0: Swinging Strike
0-1: Ball
1-1: Called Strike
1-2: Foul Ball, location: 2F
1-2: Ball
2-2: Foul Ball, location: 2F
2-2: Foul Ball, location: 2F
2-2: DOUBLE (Flyball, 78D)
Batting: RHB Seon-keun Kim 0-0: Ball
1-0: Ball
2-0: Called Strike
2-1: Ball
3-1: Called Strike
3-2: Strikes out swinging
Batting: RHB Shawn McCormack 0-0: Ball
1-0: Ball
2-0: Called Strike
2-1: Ball
3-1: Called Strike
3-2: Base on Balls
Batting: RHB Jason Ruffin 0-0: Ball
1-0: Ball
2-0: Swinging Strike
2-1: Ball
3-1: Grounds out, U3 (Groundball, 3L)
Dong-po Tien to third
Batting: RHB Leonardo Ramírez 0-0: Ball
1-0: Foul Ball, location: 2F
1-1: SINGLE (Flyball, 8LS)
Dong-po Tien scores
Shawn McCormack to third
Runner from 3rd tries for Home, SAFE, no throw or cutoff
Batting: RHB P.J. O'Keefe 0-0: Called Strike
0-1: Ball
1-1: SINGLE (Groundball, 56D)
Leonardo Ramírez to second
Pitching: LHP Tim Risinger
Batting: SHB León Estrada 0-0: Fly out, F8 (Line Drive, 78D)
Bottom of the 6th over - 2 run(s), 3 hit(s), 0 error(s), 2 left on base; Athletic Club KC Academy 2 - Mercer Island 3
TOP OF THE 7TH
Athletic Club KC Academy batting - Pitching for Mercer Island Screaming Eagles : RHP Shao-qi Phan
Batting: RHB Chris Teague 0-0: SINGLE (Groundball, 56D)
Batting: RHB Manuel Canó
Pinch Hitting: RHB Maurice Quinn 0-0: Ball
1-0: Sac Bunt - play at first, batter OUT! 5-4
Chris Teague to second
Pinch Hitting: SHB Eric Moore 0-0: Fly out, F8 (Flyball, 8RM)
Pinch Hitting: LHB Domingo Gutiérrez 0-0: Foul Ball, location: 2F
0-1: Foul Ball, location: 2F
0-2: Ball
1-2: Ball
2-2: Foul Ball, location: 2F
2-2: Foul Ball, location: 2F
2-2: Foul Ball, location: 2F
2-2: Ball
3-2: Foul Ball, location: 2F
3-2: Base on Balls
Batting: SHB António Montés 0-0: Foul Ball, location: 2F
0-1: Called Strike
0-2: Foul Ball, location: 2F
0-2: Foul Ball, location: 2F
0-2: Ball
1-2: Foul Ball, location: 2F
1-2: Strikes out swinging
Top of the 7th over - 0 run(s), 1 hit(s), 0 error(s), 2 left on base; Athletic Club KC Academy 2 - Mercer Island 3
BOTTOM OF THE 7TH
Mercer Island Screaming Eagles batting - Pitching for Athletic Club KC Academy : LHP Tim Risinger
Now at 1B: Eric Moore
Now at 2B: Maurice Quinn
Now at 3B: Domingo Gutiérrez
Batting: RHB Luis Antonio Hernández 0-0: Ball
1-0: Ground out 5-3 (Groundball, 5S)
Batting: RHB Mike Kelly 0-0: Foul Ball, location: 2F
0-1: Ball
1-1: Foul Ball, location: 2F
1-2: Ball
2-2: Ball
3-2: Foul Ball, location: 2F
3-2: Ground out 5-3 (Groundball, 5S)
Batting: RHB Dong-po Tien 0-0: Ball
1-0: Swinging Strike
1-1: Called Strike
1-2: Ball
2-2: Ball
3-2: Fly out, F3 (Popup, 3DF)
Bottom of the 7th over - 0 run(s), 0 hit(s), 0 error(s), 0 left on base; Athletic Club KC Academy 2 - Mercer Island 3
TOP OF THE 8TH
Athletic Club KC Academy batting - Pitching for Mercer Island Screaming Eagles : RHP Shao-qi Phan
Batting: LHB Manuel Domínguez 0-0: Foul Ball, location: 2F
0-1: Ball
1-1: SINGLE (Groundball, 3S) (infield hit)
Batting: SHB Fernando Luna 0-0: Called Strike
0-1: Ball
1-1: Foul Ball, location: 2F
1-2: Fly out, F9 (Flyball, 9D)
Batting: LHB Naohiro Sakai 0-0: Fielders Choice at 2nd, 3-6 (Groundball, 3)
Batting: RHB Allen Williams 0-0: Called Strike
0-1: Ball
1-1: Foul Ball, location: 2F
1-2: Ball
2-2: Ball
3-2: Ground out 6-3 (Groundball, 56)
Top of the 8th over - 0 run(s), 1 hit(s), 0 error(s), 1 left on base; Athletic Club KC Academy 2 - Mercer Island 3
BOTTOM OF THE 8TH
Mercer Island Screaming Eagles batting - Pitching for Athletic Club KC Academy : LHP Tim Risinger
Batting: RHB Seon-keun Kim 0-0: Swinging Strike
0-1: Swinging Strike
0-2: Fly out, F3 (Popup, 3S)
Batting: RHB Shawn McCormack 0-0: Called Strike
0-1: Ball
1-1: Swinging Strike
1-2: Strikes out swinging
Batting: RHB Jason Ruffin 0-0: Fly out, F9 (Flyball, 89XD)
Bottom of the 8th over - 0 run(s), 0 hit(s), 0 error(s), 0 left on base; Athletic Club KC Academy 2 - Mercer Island 3
TOP OF THE 9TH
Athletic Club KC Academy batting - Pitching for Mercer Island Screaming Eagles : RHP Shao-qi Phan
Pitching: RHP Jim Roberts
Batting: RHB Chris Teague 0-0: Ball
1-0: SINGLE (Line Drive, 7LS)
Batting: RHB Maurice Quinn 0-0: Called Strike
0-1: Called Strike
0-2: Ball
1-2: Strikes out swinging
Batting: SHB Eric Moore 0-0: Ball
1-0: Ball
2-0: Ball
3-0: Base on Balls
Chris Teague to second
Batting: LHB Domingo Gutiérrez 0-0: SINGLE (Groundball, 6MD)
Chris Teague to third
Eric Moore to second
Runner from 3rd tries for Home, SAFE, throw made home
Batting: SHB António Montés 0-0: Called Strike
Eric Moore steals 3rd base
Domingo Gutiérrez to second
0-1: Called Strike
0-2: Ball
1-2: Ball
2-2: Strikes out swinging
Batting: LHB Manuel Domínguez 0-0: Ball
Passed Ball!
Eric Moore scores
Domingo Gutiérrez to third
1-0: Ball
2-0: Ball
3-0: Called Strike
3-1: Foul Ball, location: 2F
3-2: Base on Balls
Batting: SHB Fernando Luna 0-0: Ball
1-0: Fly out, F9 (Flyball, 9M)
Top of the 9th over - 2 run(s), 2 hit(s), 0 error(s), 2 left on base; Athletic Club KC Academy 4 - Mercer Island 3
BOTTOM OF THE 9TH
Mercer Island Screaming Eagles batting - Pitching for Athletic Club KC Academy : LHP Tim Risinger
Pitching: RHP Juan Herrera
Pinch Hitting: RHB Logan Cole 0-0: Called Strike
0-1: Ball
1-1: Foul Ball, location: 2F
1-2: Ground out 6-3 (Groundball, 6M)
Pinch Hitting: LHB Nelson Plasenia 0-0: Called Strike
0-1: Called Strike
0-2: Ball
1-2: Ball
2-2: Ball
3-2: Fly out, F7 (Flyball, 78S)
Batting: SHB León Estrada 0-0: Called Strike
0-1: Ball
1-1: Foul Ball, location: 2F
1-2: SINGLE (Groundball, 5D)
Pinch Runner at 1st Javier Gonzáles:
Batting: RHB Luis Antonio Hernández 0-0: Ground out 6-3 (Groundball, 6)
Bottom of the 9th over - 0 run(s), 1 hit(s), 0 error(s), 1 left on base; Athletic Club KC Academy 4 - Mercer Island 3
This league is powered by Out of the Park Baseball, the baseball management simulation game for PC, Mac and Linux
Friday, July 8th, 2016 - OOTP Baseball 16.9 Build 39